 Dungeon Crawl Stone Soup version 0.19-a0-1704-gbd66c22 (webtiles) character file.

7017 dvd the Dealer of Despair (level 11, -11/75 HPs)
             Began as a Human Necromancer on Sept 27, 2016.
             Was an Elder of Kikubaaqudgha.
             Killed from afar by Nergalle (36 damage)
             ... with a bolt of negative energy
             ... on level 10 of the Dungeon.
             The game lasted 01:01:36 (10851 turns).

dvd the Dealer of Despair (Human Necromancer)      Turns: 10851, Time: 01:01:37

Health: -11/75     AC: 12    Str:  8    XL:     11   Next: 29%
Magic:  20/23      EV: 11    Int: 19    God:    Kikubaaqudgha [****..]
Gold:   610        SH:  0    Dex: 14    Spells: 6 memorised, 7 levels left

rFire  . . .     SeeInvis +     a - +3 dagger (venom)
rCold  + + .     Gourm    .     t - +3 ring mail {rC+}
rNeg   . . .     Faith    .     (no shield)
rPois  .         Spirit   .     T - +2 hat
rElec  +         Dismiss  .     (no cloak)
rCorr  .         Reflect  .     y - +0 pair of gloves
MR     +....     Harm     .     (no boots)
Stlth  +.........               (no amulet)
                                E - ring of protection from magic
                                g - ring of see invisible

@: heavily drained
A: antennae 1, cold resistance 1, electricity resistance, no device heal 1
a: Receive Corpses, Renounce Religion


You were on level 10 of the Dungeon.
You worshipped Kikubaaqudgha.
Kikubaaqudgha was greatly pleased with you.
You were hungry.

You visited 2 branches of the dungeon, and saw 11 of its levels.

You collected 610 gold pieces.

Inventory:

Hand Weapons
 a - a +3 dagger of venom (weapon)
 b - a +0 flail of crushing
 c - a +2 whip of flaming
 d - a +3 war axe
 F - a +2 spear of flaming
 O - a +3 dire flail
 P - a +3 long sword
Armour
 t - a +3 ring mail of cold resistance (worn)
 u - a +2 helmet of see invisible
 y - a +0 pair of gloves (worn)
 T - a +2 hat (worn)
Jewellery
 g - a ring of see invisible (left hand)
 E - a ring of protection from magic (right hand)
 H - an uncursed ring of fire
 R - an uncursed ring of ice
Wands
 A - a wand of random effects (31/48)
 N - a wand of flame (47/48)
Scrolls
 e - a scroll of blinking
 h - 9 scrolls of identify
 i - 2 scrolls of enchant weapon
 m - a scroll of fog
 q - 2 scrolls of fear
 J - 2 scrolls of teleportation
Potions
 f - a potion of invisibility
 j - a potion of berserk rage
 k - a potion of curing
 n - 2 potions of mutation
 o - a potion of agility
 r - 4 potions of brilliance
 s - a potion of resistance
 v - 2 potions of heal wounds
 w - 3 potions of might
 D - 4 potions of haste
 M - a potion of flight
Books
 p - a book of Necromancy

   Spells                             Type                      Level
   a - Pain                           Necromancy                   1
   b - Animate Skeleton               Necromancy                   1
   c - Vampiric Draining              Necromancy                   3
   d - Regeneration                   Charms/Necromancy            3
   e - Animate Dead                   Necromancy                   4
   f - Control Undead                 Necromancy                   4
 C - Kikubaaqudgha's Incunabulum of Black Rituals
   (Kikubaaqudgha gifted it to you on level 9 of the Dungeon)

   Spells                             Type                      Level
   a - Excruciating Wounds            Charms/Necromancy            5
   b - Bolt of Draining               Conjuration/Necromancy       5
   c - Cigotuvi's Embrace             Necromancy                   5
   d - Dispel Undead                  Necromancy                   5
   e - Simulacrum                     Ice/Necromancy               6
 K - Kikubaaqudgha's Tome of Evil Magic
   (Kikubaaqudgha gifted it to you on level 7 of the Dungeon)

   Spells                             Type                      Level
   a - Pain                           Necromancy                   1
   b - Corpse Rot                     Necromancy                   2
   c - Sublimation of Blood           Necromancy                   2
   d - Regeneration                   Charms/Necromancy            3
   e - Control Undead                 Necromancy                   4
Comestibles
 l - 2 slices of pizza
 x - a meat ration
 z - 2 chunks of flesh
 B - a royal jelly
 G - 9 bread rations
 I - 8 beef jerkies


   Skills:
 + Level 3.4(2.1) Fighting
 + Level 4.4(3.1) Short Blades
 + Level 3.5(2.2) Maces & Flails
 + Level 4.7(3.4) Armour
 + Level 5.0(3.6) Dodging
 + Level 3.7(2.4) Stealth
 + Level 8.9(7.4) Spellcasting
 + Level 2.4(1.1) Charms
 + Level 9.8(8.2) Necromancy


You had 7 spell levels left.
You knew the following spells:

 Your Spells              Type           Power        Failure   Level  Hunger
a - Pain                  Necr           ####         1%          1    None
b - Vampiric Draining     Necr           #####.....   2%          3    #......
c - Regeneration          Chrm/Necr      ###.......   14%         3    #......
d - Animate Dead          Necr           N/A          12%         4    ###....
e - Control Undead        Necr           #####.....   12%         4    ###....
f - Dispel Undead         Necr           #####...     28%         5    #####..


Dungeon Overview and Level Annotations

Branches:
Dungeon (10/15)            Temple (1/1) D:4             Orc (0/2) D:9
   Lair: D:8-11

Altars:
Ashenzari
Cheibriados
Dithmenos
Elyvilon
Fedhas
Gozag
Hepliaklqana
Kikubaaqudgha
Makhleb
Nemelex Xobeh
Okawaru
Qazlal
Ru
Sif Muna
Trog
Uskayaw
Vehumet
Xom
Yredelemnul
Zin
The Shining One

Shops:
D:7 =   D:9 %*[(

Annotations:
D:10 Nergalle


Innate Abilities, Weirdness & Mutations

You have a pair of small antennae on your head.
Your flesh is cold resistant. (rC+)
You are resistant to electric shocks. (rElec)
Potions and wands are less effective at restoring your health.


Message History

The spectral orc warrior hits you but does no damage.
The spectral orc warrior closely misses you.
Press: ? - help, v - describe, . - travel
Here: Nergalle, wielding a dagger and wearing a robe (moderately wounded, poisoned)
An open door.
You hit Nergalle but do no damage.
Nergalle is moderately wounded.
Nergalle closely misses you. The spectral orc warrior misses you.
The spectral orc warrior hits you but does no damage.
You hit Nergalle but do no damage.
Nergalle looks as sick as possible!
Nergalle is moderately wounded.
The spectral orc warrior hits you from afar with a trident.
Nergalle casts a spell at you. The bolt of negative energy hits you!
You feel drained.
The spectral orc warrior closely misses you.
Unknown command.
Nergalle casts a spell at you. The bolt of negative energy hits you!
You feel drained.
You die...
Kikubaaqudgha rasps: "You have failed me!
Welcome... death!"

#..........## .......
#..........'. #......
#..........# #......
..#..........# #......
#.'..........# #..?...
#...ZZZ....# #.$/..Z #####o######
####### . #..# ### #. #@## #..
#.####### #.# ####.# ........#
#.# #.....
........########.###### ####.....
.................................
......>.########.###########.....
........# #.# #}.... ........#
#.# #..... ........# #.# #.)...


You could see Nergalle and 2 spectral orc warriors.

Vanquished Creatures
  The ghost of Amnesiac the Demolition Dwarf, a novice DDFi of Makhleb (D:10)
  An orc knight (D:9)
  A centaur zombie (D:10)
  A two-headed ogre (D:8)
  Prince Ribbit (D:6)
  Sigmund (D:6)
  Grum (D:9)
  5 orc warriors
  2 sky beasts
  A black bear (D:4)
  5 ice beasts
  A necrophage (D:10)
  2 phantoms
  4 ogres
  6 centaurs
  Blork the orc (D:6)
  A bullfrog (D:7)
  3 gnoll sergeants (D:9)
  4 scorpions
  10 killer bees
  2 howler monkeys (D:6)
  3 crimson imps
  A bullfrog zombie (D:10)
  9 hounds
  4 orc priests
  2 gnoll shamans (D:9)
  A jelly (D:5)
  5 iguanas
  9 orc wizards
  2 worker ants
  Ijyb (D:2)
  A hound skeleton (D:4)
  2 worker ant zombies
  14 gnolls
  11 adders
  A shadow imp (D:10)
  2 oozes
  2 adder skeletons
  An adder zombie (D:6)
  A dart slug (D:4)
  7 leopard geckos
  39 orcs
  9 giant cockroaches
  7 goblins
  6 hobgoblins
  14 jackals
  17 kobolds
  A quokka (D:9)
  6 bats
  7 frilled lizards
  9 rats
248 creatures vanquished.

Vanquished Creatures (collateral kills)
  A two-headed ogre (D:9)
  An ice beast (D:9)
  2 ogres
  An eye of draining (D:8)
  A big kobold (D:9)
  3 killer bees
  3 hounds (D:9)
  An orc wizard (D:8)
  11 gnolls (D:9)
  4 orcs (D:9)
  2 jackals (D:9)
30 creatures vanquished.

Vanquished Creatures (others)
  6 fungi (D:5)
6 creatures vanquished.

Grand Total: 284 creatures vanquished

Notes
Turn   | Place    | Note
-------+----------+-------------------------------------------
     0 | D:1      | dvd the Human Necromancer began the quest for the Orb.
     0 | D:1      | Reached XP level 1. HP: 13/13 MP: 3/3
   380 | D:1      | Reached XP level 2. HP: 19/19 MP: 3/5
   839 | D:1      | Reached XP level 3. HP: 24/24 MP: 4/6
  1125 | D:1      | Learned a level 3 spell: Vampiric Draining
  1548 | D:2      | Reached XP level 4. HP: 11/30 MP: 4/8
  1793 | D:2      | Noticed Ijyb
  1806 | D:2      | Killed Ijyb
  1951 | D:2      | Learned a level 3 spell: Regeneration
  1964 | D:2      | Reached skill level 5 in Necromancy
  2029 | D:2      | Found a blossoming altar of Fedhas.
  2333 | D:2      | Reached XP level 5. HP: 35/35 MP: 6/9
  2748 | D:3      | Reached skill level 1 in Short Blades
  3127 | D:4      | Reached XP level 6. HP: 42/42 MP: 7/10
  3699 | D:4      | Noticed a black bear
  3709 | D:4      | Killed a black bear
  3731 | D:4      | Learned a level 4 spell: Animate Dead
  3799 | D:4      | Reached XP level 7. HP: 35/47 MP: 6/13
  4040 | D:4      | Found a staircase to the Ecumenical Temple.
  4046 | Temple   | Entered the Ecumenical Temple
  4104 | Temple   | Became a worshipper of Kikubaaqudgha
  4390 | D:4      | Reached skill level 1 in Charms
  4598 | D:5      | Entered Level 5 of the Dungeon
  4734 | D:5      | Reached skill level 1 in Armour
  4804 | D:5      | Reached skill level 1 in Fighting
  4804 | D:5      | Reached XP level 8. HP: 51/54 MP: 14/14
  5014 | D:5      | Reached skill level 1 in Maces & Flails
  5059 | D:5      | Found a hide-covered altar of Uskayaw.
  5059 | D:5      | Found a basalt altar of Yredelemnul.
  5448 | D:6      | Reached skill level 6 in Necromancy
  5563 | D:6      | Noticed Sigmund
  5582 | D:6      | Killed Sigmund
  5642 | D:6      | Noticed Prince Ribbit
  5651 | D:6      | Killed Prince Ribbit
  5651 | D:6      | Reached skill level 5 in Spellcasting
  5688 | D:6      | Reached XP level 9. HP: 30/59 MP: 2/17
  5953 | D:6      | Found a snail-covered altar of Cheibriados.
  6169 | D:6      | Noticed Blork the orc
  6178 | D:6      | Killed Blork the orc
  6178 | D:6      | Reached skill level 7 in Necromancy
  6383 | D:7      | Found Olisch's Jewellery Emporium.
  6516 | D:7      | Found a shattered altar of Ashenzari.
  6599 | D:7      | Reached * piety under Kikubaaqudgha
  6599 | D:7      | Identified Kikubaaqudgha's Tome of Evil Magic (Kikubaaqudgha gifted it to you on level 7 of the Dungeon)
  6599 | D:7      | Received a gift from Kikubaaqudgha
  6616 | D:7      | Learned a level 4 spell: Control Undead
  7054 | D:8      | Noticed a two-headed ogre
  7420 | D:8      | Reached XP level 10. HP: 61/67 MP: 9/20
  7437 | D:8      | Reached skill level 8 in Necromancy
  7602 | D:8      | Gained mutation: Your flesh is cold resistant. (rC+) [potion of beneficial mutation]
  7610 | D:8      | Gained mutation: Potions and wands are less effective at restoring your health. [potion of mutation]
  7610 | D:8      | Gained mutation: You are resistant to electric shocks. (rElec) [potion of mutation]
  7610 | D:8      | Gained mutation: You have a pair of small antennae on your head. [potion of mutation]
  8021 | D:8      | Found a shadowy altar of Dithmenos.
  8216 | D:8      | Reached ** piety under Kikubaaqudgha
  8803 | D:9      | Found an opulent altar of Gozag.
  8940 | D:9      | Reached *** piety under Kikubaaqudgha
  8940 | D:9      | Identified Kikubaaqudgha's Incunabulum of Black Rituals (Kikubaaqudgha gifted it to you on level 9 of the Dungeon)
  8940 | D:9      | Received a gift from Kikubaaqudgha
  9114 | D:9      | Found Paboud's Weapon Emporium.
  9160 | D:9      | Found a staircase to the Orcish Mines.
  9171 | D:9      | Found Yscher's Armour Emporium.
  9449 | D:9      | Reached skill level 9 in Necromancy
  9589 | D:9      | Learned a level 5 spell: Dispel Undead
  9646 | D:9      | Reached **** piety under Kikubaaqudgha
  9647 | D:9      | Noticed an orc knight
  9674 | D:9      | Killed an orc knight
  9674 | D:9      | Reached XP level 11. HP: 51/75 MP: 3/23
  9800 | D:9      | Found a snail-covered altar of Cheibriados.
  9827 | D:9      | Found Paskaxir's Food Shop.
  9843 | D:9      | Found Egosh's General Store.
  9906 | D:9      | Noticed Grum
  9917 | D:9      | Killed Grum
 10186 | D:10     | Entered Level 10 of the Dungeon
 10463 | D:10     | Noticed Nergalle
 10645 | D:10     | Noticed Amnesiac's ghost (novice DDFi)
 10678 | D:10     | Killed Amnesiac's ghost
 10678 | D:10     | Reached skill level 5 in Dodging
 10851 | D:10     | Killed from afar by Nergalle

Vault maps used:
D:1:      roderic_dead_forest
D:2:      old_standard_altar, minmay_bisected, uniq_iyjb
D:3:      first_bread
D:5:      gammafunk_temple_overflow_pools, serial_aquarium,
          aquarium_bridge_square, aquarium_bridge_square, aquarium_window_2,
          aquarium_window_1, aquarium_view_2a
D:6:      kennysheep_decorative_pillar, lemuel_statue_altar, uniq_blork_the_orc,
          uniq_prince_ribbit1, uniq_sigmund
D:7:      ashenzari_conservatory_becter, serial_shops, shop, grunt_ogre_cave
D:8:      grunt_dithmenos_shadows
D:9:      nicolae_overflow_hidden_temple, orc_david_3, serial_gnoll_camp,
          gnoll_camp_medium_01, grums_kennel, gnoll_camp_mini_loothouse,
          gnoll_camp_huts_basic, gnoll_camp_mini_shop, gnoll_camp_mini_shop,
          basic_altar
D:10:     nicolae_trove_entry_free_sample, uniq_nergalle
Temple:   regret_index_temple_generic_petals

Skill      XL: |  1  2  3  4  5  6  7  8  9 10 11 |
---------------+----------------------------------+-----
Necromancy     | 5 6 7 9 |  9.8
Spellcasting   | 3 4 5 6 8 |  8.9
Short Blades   | 1 2 3 4 |  4.4
Dodging        | 3 4 5 |  5.0
Charms         | 1 2 |  2.4
Armour         | 1 2 3 4 |  4.7
Fighting       | 1 2 3 |  3.4
Maces & Flails | 2 3 |  3.5
Stealth        | 3 |  3.7

Action                   |  1- 3 |  4- 6 |  7- 9 | 10-12 || total
-------------------------+-------+-------+-------+-------++-------
Melee: Dagger            |    40 |   128 |   172 |   363 ||   703
       Flail             |       |       |    97 |     6 ||   103
       Whip              |       |       |    88 |       ||    88
       Dire flail        |       |       |       |    32 ||    32
       Spear             |       |       |       |     4 ||     4
       Long sword        |       |       |       |     4 ||     4
 Cast: Pain              |    41 |    49 |    57 |    25 ||   172
       Vampiric Draining |       |    13 |    44 |    40 ||    97
       Regeneration      |       |     3 |     8 |    10 ||    21
       Animate Dead      |       |       |     3 |    21 ||    24
       Control Undead    |       |       |       |     3 ||     3
       Dispel Undead     |       |       |       |     7 ||     7
Invok: Receive Corpses   |       |       |       |     1 ||     1
Evoke: Wand              |       |       |       |     1 ||     1
  Use: Scroll            |     1 |     4 |     9 |     9 ||    23
       Potion            |       |       |       |     9 ||     9
 Stab: Sleeping          |     1 |     1 |     2 |       ||     4
       Distracted        |       |     1 |       |     1 ||     2
  Eat: Chunk             |     2 |    10 |    15 |    16 ||    43
Armor: Robe              |    15 |    35 |       |       ||    50
       Ring mail         |       |     1 |   175 |   210 ||   386
Dodge: Dodged            |    32 |    97 |   203 |   354 ||   686
Block: Shield            |       |       |       |     1 ||     1
